 Dungeon Crawl Stone Soup version 0.28-a0-983-g1de4e0787c (webtiles) character file.

Game seed: 16214643802944613722

3691 kae the Transmogrifier (level 9, -2/80 HPs)
             Began as a Red Draconian Transmuter on Dec 2, 2021.
             Was an Initiate of Ru.
             Slain by a two-headed ogre (22 damage)
             ... on level 8 of the Dungeon.
             The game lasted 00:08:45 (10028 turns).

kae the Transmogrifier (Red Draconian Transmuter)  Turns: 10028, Time: 00:08:46

Health: -2/80      AC:  8    Str: 13    XL:     9   Next: 90%
Magic:  14/17      EV: 10    Int: 17    God:    Ru [......]
Gold:   240        SH:  0    Dex: 12    Spells: 4/19 levels left

rFire   x . .      SeeInvis .     - Unarmed
rCold   + + +      Faith    .   (shield currently unavailable)
rNeg    . . .      Spirit   .   (armour unavailable)
rPois   +          Reflect  .   (helmet currently unavailable)
rElec   .          Harm     .   (cloak currently unavailable)
rCorr   .          Rampage  .   (gloves currently unavailable)
Will    .....                   (boots currently unavailable)
Stlth   +.........              (no amulet)
HPRegen 0.23/turn               h - ring of poison resistance
MPRegen 0.15/turn               p - +4 ring of slaying

@: ice-form
A: freezing attack, amphibious, boosted hp, (breathe fire), AC +7, large,
unfitting armour, (fire resistance 1), (cold-blooded)
a: End Transformation, Renounce Religion


You were on level 8 of the Dungeon.
You worshipped Ru.
Ru was noncommittal.
You were a creature of crystalline ice.
You visited 2 branches of the dungeon, and saw 9 of its levels.

You collected 372 gold pieces.
You spent 132 gold pieces at shops.

Inventory:

Missiles
 q - a throwing net
Armour
 c - a +1 pair of boots (melded)
 r - a +0 cloak (melded)
Jewellery
 h - a ring of poison resistance (left front paw)
 m - a ring of magical power
 p - a +4 ring of slaying (right front paw)
 t - a +6 ring of intelligence
Wands
 n - a wand of acid (9)
Scrolls
 e - 2 scrolls of teleportation
 j - 3 scrolls of identify
 k - a scroll of blinking
 l - 3 scrolls of fear
 o - a scroll of fog
 v - a scroll of enchant weapon {unknown}
 w - a scroll of enchant armour {unknown}
Potions
 a - 2 potions of brilliance
 b - 2 potions of curing
 d - a potion of degeneration
 f - 2 potions of lignification
 g - a potion of berserk rage
 i - a potion of heal wounds
 s - a potion of invisibility
 u - a potion of flight {unknown}


   Skills:
 + Level 2.0 Fighting
 + Level 2.2 Dodging
 + Level 7.0 Unarmed Combat
 + Level 5.9 Spellcasting
 * Level 9.0 Transmutations
 - Level 5.0 Ice Magic
 - Level 2.0 Poison Magic


You had 4 spell levels left.
You knew the following spells:

 Your Spells              Type           Power      Damage    Failure   Level
a - Beastly Appendage     Tmut           70%        N/A       1%          1
b - Spider Form           Tmut/Pois      23%        N/A       4%          3
c - Ice Form              Ice/Tmut       28%        N/A       7%          4
d - Dragon Form           Tmut           17%        N/A       95%         7

Your spell library contained the following spells:

 Spells                   Type           Power      Damage    Failure   Level
 Wereblood                Tmut           35%        N/A       1%          2
 Static Discharge         Conj/Air       5%         N/A       21%         2
 Sublimation of Blood     Necr           5%         N/A       21%         2
 Petrify                  Tmut/Erth      20%        N/A       21%         4
 Gell's Gravitas          Tloc           5%         N/A       36%         3
 Lesser Beckoning         Tloc           5%         N/A       36%         3
 Teleport Other           Tloc           5%         N/A       36%         3
 Cause Fear               Hex            2%         N/A       78%         4
 Dispel Undead            Necr           5%         3d7       78%         4
 Sticky Flame             Conj/Fire      5%         2d3       78%         4
 Irradiate                Conj/Tmut      10%        3d16      50%         5
 Dragon's Call            Summ           2%         N/A       100%        9


Dungeon Overview and Level Annotations

Branches:
Dungeon (8/15)             Temple (1/1) D:4
   Lair: D:8-11

Altars:
Ashenzari
Cheibriados
Dithmenos
Elyvilon
Fedhas
Gozag
Hepliaklqana
Kikubaaqudgha
Makhleb
Nemelex Xobeh
Okawaru
Qazlal
Ru
Sif Muna
Trog
Uskayaw
Vehumet
Wu Jian
Xom
Zin
The Shining One

Shops:
D:4 [(?


Innate Abilities, Weirdness & Mutations

You are a creature of crystalline ice.
You have a powerful freezing melee attack.
You are amphibious.
Your maximum health is increased.
Your armour is entirely melded.
You are incapable of wielding weapons or throwing items.
((You can breathe blasts of fire.))
((Your fiery red scales are hard. (AC +7)))
You cannot fit into any form of body armour.
((Your flesh is heat resistant. (rF+)))
((You are cold-blooded and may be slowed by cold attacks.))


Message History

Your +0 cloak unmelds from your body.
Your +1 pair of boots unmelds from your body.
The hiss of flowing sand is almost imperceptible now.
The walls and floor vibrate strangely for a moment.
The two-headed ogre shouts in stereo!
A two-headed ogre is nearby!
A two-headed ogre is nearby!
Casting: Ice Form (dangerous; 7% risk of failure)
Confirm with . or Enter, or press ? or * to list all spells.
You turn into a creature of crystalline ice.
Your +0 cloak melds into your body.
Your +1 pair of boots melds into your body.
The two-headed ogre barely misses you.
The two-headed ogre hits you with a +0 giant spiked club!!
You punch the two-headed ogre! You freeze the two-headed ogre.
The two-headed ogre is lightly wounded.
You punch the two-headed ogre! You freeze the two-headed ogre.
The two-headed ogre is heavily wounded.
The two-headed ogre hits you with a +0 giant club!!
The two-headed ogre barely misses you.
A two-headed ogre is nearby!
You are too injured to fight recklessly!
You are too injured to fight recklessly!
A two-headed ogre is nearby!
You are too injured to fight recklessly!
You are too injured to fight recklessly!
You are too injured to fight recklessly!
You are too injured to fight recklessly!
You completely miss the two-headed ogre.
The two-headed ogre is heavily wounded.
The two-headed ogre hits you with a +0 giant club!!
* * * LOW HITPOINT WARNING * * *
The two-headed ogre closely misses you.
You hit the two-headed ogre. You freeze the two-headed ogre.
The two-headed ogre is heavily wounded.
You punch the two-headed ogre! You freeze the two-headed ogre.
The two-headed ogre is severely wounded.
The two-headed ogre hits you but does no damage.
The two-headed ogre hits you with a +0 giant spiked club!!
You die...

......# ###.####.#
......# #........#
......# #.##.###.#
......# #.....# ......#
###.#.## ......# #.#..#
......#######+##.# #
.................#.####.
................YO....'.
######...........#.####.
# #.............# #
#..........#..# #
############..# ####
#####.>### ...#
#........# ...#
#........# ...#
#........#


You could see a two-headed ogre.

Vanquished Creatures
  Joseph (D:7)
  A hornet (D:7)
  A wraith (D:7)
  A wyvern (D:8)
  3 yaks (D:8)
  A steam dragon (D:6)
  A hornet zombie (D:6)
  A black bear (D:6)
  2 centaurs (D:7)
  3 ogres
  A phantom (D:5)
  3 bullfrogs
  A water moccasin zombie (D:7)
  6 scorpions
  2 water moccasin skeletons
  4 wights (D:7)
  4 howler monkeys (D:7)
  A bullfrog zombie (D:5)
  A centaur zombie (D:6)
  2 jellies (D:8)
  2 orc priests
  A hound (D:5)
  Crazy Yiuf (D:6)
  3 centaur skeletons (D:6)
  2 orc wizards
  A scorpion zombie (D:5)
  4 gnolls (D:4)
  4 adders
  2 ufetubi
  A worm (D:5)
  11 dart slugs
  13 orcs
  4 ball pythons
  8 bats
  10 endoplasms
  A giant cockroach (D:2)
  6 goblins
  7 hobgoblins
  10 jackals
  3 quokkas
  2 frilled lizards
  5 kobolds
  5 rats
146 creatures vanquished.

Notes
Turn   | Place    | Note
-------+----------+-------------------------------------------
     0 | D:1      | kae the Draconian Transmuter began the quest for the Orb.
     0 | D:1      | Reached XP level 1. HP: 16/16 MP: 3/3
   138 | D:1      | Reached XP level 2. HP: 19/23 MP: 3/5
   688 | D:1      | Reached XP level 3. HP: 28/28 MP: 4/6
   692 | D:1      | Learned a level 3 spell: Spider Form
  1498 | D:2      | Reached skill level 3 in Transmutations
  1879 | D:2      | Reached skill level 1 in Poison Magic
  1958 | D:2      | Found a faded altar of an unknown god.
  1976 | D:2      | Reached XP level 4. HP: 35/35 MP: 5/7
  2498 | D:3      | Noticed a scorpion
  2508 | D:3      | Killed a scorpion
  2605 | D:3      | Reached XP level 5. HP: 40/40 MP: 7/9
  2610 | D:3      | Learned a level 4 spell: Ice Form
  3196 | D:3      | Found an opulent altar of Gozag.
  3245 | D:4      | Found Kuumoq's Antique Weapon Shop.
  3415 | D:4      | Found Ulaodigi's Antique Armour Shop.
  3442 | D:4      | Found a staircase to the Ecumenical Temple.
  3454 | D:4      | Noticed an ogre
  3459 | Temple   | Entered the Ecumenical Temple
  3470 | Temple   | Killed an ogre
  3471 | Temple   | Reached skill level 4 in Transmutations
  3471 | Temple   | Reached skill level 1 in Ice Magic
  3471 | Temple   | Reached XP level 6. HP: 23/47 MP: 6/10
  3778 | Temple   | Became a worshipper of Ru the Awakened
  4477 | D:4      | Found Tenovo's Magic Scroll Shoppe.
  4485 | D:4      | Bought a scroll of blinking for 90 gold pieces
  4485 | D:4      | Bought a scroll of fear for 42 gold pieces
  4794 | D:4      | Found a hazy altar of Hepliaklqana.
  4795 | D:4      | Found a shimmering blue altar of Sif Muna.
  4953 | D:5      | Entered Level 5 of the Dungeon
  5091 | D:5      | Your scales start taking on a fiery red colour.
  5091 | D:5      | Reached XP level 7. HP: 24/52 MP: 9/12
  5091 | D:5      | Gained mutation: Your flesh is heat resistant. (rF+) [Red
                  | Draconian growth]
  5277 | D:5      | Reached skill level 5 in Transmutations
  6345 | D:6      | Noticed a steam dragon
  6473 | D:6      | Found a glowing silver altar of Zin.
  6779 | D:6      | Reached XP level 8. HP: 59/59 MP: 14/14
  6824 | D:6      | Reached skill level 5 in Unarmed Combat
  6824 | D:6      | Reached skill level 6 in Transmutations
  7737 | D:6      | Found a runed translucent door.
  7738 | D:6      | Noticed Crazy Yiuf
  7848 | D:6      | Killed Crazy Yiuf
  8011 | D:7      | Found an ornate altar of the Wu Jian Council.
  8025 | D:7      | Reached skill level 7 in Transmutations
  8144 | D:7      | Noticed Joseph
  8144 | D:7      | Noticed a hornet
  8157 | D:7      | Killed a hornet
  8158 | D:7      | Reached skill level 5 in Ice Magic
  8158 | D:7      | Reached XP level 9. HP: 51/64 MP: 16/16
  8253 | D:7      | Killed Joseph
  8254 | D:7      | Reached skill level 5 in Spellcasting
  8633 | D:7      | Reached skill level 8 in Transmutations
  9543 | D:8      | Learned a level 7 spell: Dragon Form
  9611 | D:8      | Noticed a two-headed ogre
  9956 | D:8      | Reached skill level 9 in Transmutations
 10028 | D:8      | Slain by a two-headed ogre

Illustrated notes

Levels and vault maps discovered:
D:1:      amcnicky_arrival_underground_garden, layout_loops_corners
D:2:      layout_rooms, ebering_ecumenical_altar_abandoned
D:3:      kennysheep_slugbush, layout_basic, marbit_many_paths
D:4:      layout_loops_corners, minitemple, minmay_temple_entry_tees,
          serial_shops, nicolae_shop_stone, nicolae_shop_statue_plus,
          nicolae_stop_n_shop_2
D:5:      layout_basic
D:6:      layout_rooms, lemuel_tele_altar, uniq_crazy_yiuf_cottage
D:7:      layout_basic, kennysheep_little_box, uniq_joseph
D:8:      layout_basic, lair_entry_dummy, enter_ossuary_4, minmay_crystal_water
Temple:   regret_index_temple_sphere_string

Skill      XL: |  1  2  3  4  5  6  7  8  9 |
---------------+----------------------------+-----
Transmutations | 3 4 5 7 9 |  9.0
Poison Magic   | 1 2 |  2.0
Spellcasting   | 3 4 5 |  5.9
Ice Magic      | 1 2 3 5 |  5.0
Unarmed Combat | 4 5 7 |  7.0
Dodging        | 2 |  2.2
Fighting       | 2 |  2.0

Action                   |  1- 3 |  4- 6 |  7- 9 || total
-------------------------+-------+-------+-------++-------
Melee: Unarmed           |   135 |   124 |   227 ||   486
       Kick              |    13 |     8 |    11 ||    32
       Headbutt          |    12 |     1 |     3 ||    16
       Tailslap          |    22 |     3 |     8 ||    33
       Punch             |       |     1 |     2 ||     3
 Cast: Beastly Appendage |    28 |    15 |     6 ||    49
       Spider Form       |       |     9 |    15 ||    24
       Ice Form          |       |       |    10 ||    10
Invok: Reject Sacrifices |       |       |     1 ||     1
 Abil: Breathe Fire      |       |       |    12 ||    12
       End Transformatio |       |       |     1 ||     1
  Use: Scroll            |     3 |     7 |     5 ||    15
       Potion            |       |     1 |     1 ||     2
Armor: Skin              |    70 |    16 |    57 ||   143
Dodge: Dodged            |   112 |    78 |   179 ||   369

Table legend: (Time is in decaauts)
 A = Elapsed time spent in this place.
 B = Non-inter-level travel time spent in this place.
 C = Inter-level travel time spent in this place.
 D = Time resting spent in this place.
 E = Time spent auto-exploring this place.
 F = Levels seen in this place.
 G = Mean time per level.
                   A        B        C        D        E       F      G
               +--------+--------+--------+--------+--------+-----+--------+
         Total |  10021 |   9603 |    418 |    301 |   7975 |   9 | 1113.4 |
       Dungeon |   9686 |   9292 |    394 |    301 |   7692 |   8 | 1210.8 |
        Temple |    335 |    311 |     24 |      0 |    283 |   1 |  335.0 |
               +--------+--------+--------+--------+--------+-----+--------+

Top non-repeatable levels by time:
     D:6: 1702 daAuts
     D:5: 1442 daAuts
     D:1: 1428 daAuts
     D:7: 1236 daAuts
     D:4: 1220 daAuts
     D:3: 1177 daAuts
     D:2: 800 daAuts
     D:8: 678 daAuts
  Temple: 335 daAuts
